AoeStats
← TK | GabyMarco09

Steppe

517211971Analyzed
1v1 RM · 8d ago on Oct 29, 2026· 19m 0s· 2 players
Game mode
Random Map
Map size
Tiny (2 player)
Population
200
Speed
Normal
Resources
Standard
Victory
Conquest
Starting age
Dark Age
Ending age
Imperial Age
RankedLock teamsTeams togetherTeam positionsShared explorationLock speedFull tech treeHidden civsTurbo modeCheats
Victory
Defeat
🇦🇷 Mongols · Argentina
1077
+16
vs
🇹🇼 Khmer · Taiwan
1083
-16
TK | GabyMarco09
4:52 Loom
11:22 Feudal Age
15:45 Castle Age
15:04 Wheelbarrow
15:07 Double-Bit Axe
madokaex0
6:49 Loom
9:08 Feudal Age
10:18 Double-Bit Axe
20:55 Castle Age
19:21 Bloodlines
Connection lost

Rejoining the realm…

Still unreachable

The connection could not be restored.

Session expired

The server has moved on; the page needs a fresh start.